 Dungeon Crawl Stone Soup version 0.26-a0-757-g626ac9e51a (webtiles) character file.

Game seed: 9303399348134256999

5 miscthings the Sneak (level 1, -6/20 HPs)
             Began as a Palentonga Delver on Nov 8, 2020.
             Mangled by a scorpion (7 damage)
             ... on level 5 of the Dungeon.
             The game lasted 00:00:08 (32 turns).

miscthings the Sneak (Palentonga Delver)              Turns: 32, Time: 00:00:09

Health: -6/20      AC:  4    Str: 15    XL:     1   Next: 66%
Magic:  1/1        EV:  9    Int: 10    God:
Gold:   6          SH:  0    Dex: 11    Spells: 0/0 levels left

rFire    . . .     SeeInvis +   a - +0 hand axe
rCold    . . .     Faith    .   (no shield)
rNeg     . . .     Spirit   .   b - +0 leather armour
rPois    .         Reflect  .   (no helmet)
rElec    .         Harm     .   (no cloak)
rCorr    .         Rampage  .   (no gloves)
MR       .....                  (no barding)
Stlth    ++........             (no amulet)
HPRegen  0.06/turn              (no ring)
MPRegen  0.07/turn              (no ring)

@: no status effects
A: large, rugged brown scales 3, see invisible, deformed body, roll, armoured
tail
a: Rolling Charge


You were on level 5 of the Dungeon.
You visited 1 branch of the dungeon, and saw 1 of its levels.

You collected 6 gold pieces.

Inventory:

Hand Weapons
 a - a +0 hand axe (weapon)
Armour
 b - a +0 leather armour (worn)
Wands
 g - a wand of digging (3)
Scrolls
 c - a scroll of fog
 d - a scroll of magic mapping
 e - a scroll of fear
Potions
 f - a potion of haste


   Skills:
 + Level 3.0 Fighting
 + Level 2.0 Axes
 + Level 1.5 Dodging
 + Level 3.6 Stealth


You couldn't memorise any spells.
You didn't know any spells.
Your spell library was empty.

Dungeon Overview and Level Annotations

Branches:
Dungeon (5/15)
 Temple: D:4-7

Altars:


Innate Abilities, Weirdness & Mutations

You are completely covered in rugged brown scales. (AC +3, +7% HP)
You have supernaturally acute eyesight. (SInv)
Armour fits poorly on your strangely shaped body.
You can roll at foes to attack.
You have a long armoured tail.


Message History

The scorpion stings you. The ufetubus barely misses you. The ufetubus hits you.
The ufetubus barely misses you. The ufetubus misses you.
You barely miss the ufetubus.
The ufetubus hits you but does no damage.
The ufetubus barely misses you. x2; The ufetubus hits you.
The jelly quivers.
You hit the ufetubus.
The ufetubus is severely wounded.
The ufetubus hits you but does no damage. x2
The ufetubus barely misses you. x2
You are too injured to fight recklessly!
You hit the ufetubus.
You kill the ufetubus!
You hit the scorpion.
The scorpion is lightly wounded.
The scorpion stings you!
* * * LOW HITPOINT WARNING * * *
The scorpion stings you!
You die...

... ########.##### #+##
#............##...##
#.#####.##.#.#.###.#.....##
......#.##.#.#.# #........#
...##.#.##.....###.........
.................+.........
...##.#.##....####.........
.. #.#.........@sJ.......#
. #.####.#########..[..##
.#.##.# #.# #...## .....>#
#.# #+## ...#### #. .#


You could see a scorpion and a jelly.

Vanquished Creatures
  An ufetubus (D:5)
1 creature vanquished.

Notes
Turn   | Place    | Note
-------+----------+-------------------------------------------
     0 | D:5      | miscthings the Palentonga Delver began the quest for the
                  | Orb.
     0 | D:5      | Reached XP level 1. HP: 20/20 MP: 1/1
    20 | D:5      | Noticed a jelly
    24 | D:5      | Noticed a scorpion
    32 | D:5      | HP: 1/20 [scorpion (8)]
    32 | D:5      | Mangled by a scorpion

Illustrated notes

Levels and vault maps discovered:
D:5:      layout_loops_corners, cheibrodos_sewer_entry_drain,
          chequers_serial_rivers_room_b

Action                   || total
-------------------------++-------
Melee: Hand axe          ||     4
Armor: Leather armour    ||     3
Dodge: Dodged            ||     7

Table legend: (Time is in decaauts)
 A = Elapsed time spent in this place.
 B = Non-inter-level travel time spent in this place.
 C = Inter-level travel time spent in this place.
 D = Time resting spent in this place.
 E = Time spent auto-exploring this place.
 F = Levels seen in this place.
 G = Mean time per level.
                   A        B        C        D        E       F      G
               +--------+--------+--------+--------+--------+-----+--------+
         Total |     32 |     32 |      0 |      0 |     21 |   1 |   32.0 |
       Dungeon |     32 |     32 |      0 |      0 |     21 |   1 |   32.0 |
               +--------+--------+--------+--------+--------+-----+--------+

Top non-repeatable levels by time:
     D:5: 32 daAuts
